 Dungeon Crawl Stone Soup version 0.19.1 (webtiles) character file.

7761 dajomu the Carver (level 11, -2/85 HPs)
             Began as a Minotaur Fighter on Dec 14, 2016.
             Was a High Priest of Okawaru.
             Slain by an ogre
             ... wielding a +0 giant club
             ... led by an orc warlord
              (9 damage)
             ... on level 1 of the Orcish Mines on Dec 15, 2016.
             The game lasted 01:03:12 (9601 turns).

dajomu the Carver (Minotaur Fighter)                Turns: 9601, Time: 01:03:14

Health: -2/85      AC: 20    Str: 24 (26) XL:     11   Next: 1%
Magic:  10/10      EV:  9    Int:  6      God:    Okawaru [*****.]
Gold:   752        SH: 12    Dex: 12      Spells: 0 memorised, 10 levels left

rFire  x . .     SeeInvis .     G - +6 long sword "Conservator" {holy, rF- rN+ Str+5}
rCold  . . .     Gourm    .     N - +4 chain mail {MR+}
rNeg   + . .     Faith    .     M - +0 shield
rPois  +         Spirit   .     (helmet restricted)
rElec  .         Reflect  .     f - +2 cloak {+Inv}
rCorr  .         Harm     .     q - +0 pair of gloves
MR     +....                    (no boots)
Stlth  ..........               (no amulet)
                                (no ring)
                                j - ring of poison resistance

@: no status effects
A: retaliatory headbutt, horns 2, deterioration 1, frail 1
a: Heroism, Finesse, Renounce Religion, Evoke Invisibility


You were on level 1 of the Orcish Mines.
You worshipped Okawaru.
Okawaru was extremely pleased with you.
You were not hungry.

You visited 3 branches of the dungeon, and saw 11 of its levels.

You collected 752 gold pieces.

Inventory:

Hand Weapons
 p - a +3 whip
 v - a +1 vampiric short sword
 A - a +0 blowgun
 E - a +4 whip
 F - a +2 falchion of slicing
 G - the +6 long sword "Conservator" (weapon) {holy, rF- rN+ Str+5}
   (You found it on level 4 of the Dungeon)

   It has been blessed by the Shining One to cause great damage to the undead
   and demons.
   It affects your strength (+5).
   It makes you vulnerable to fire.
   It protects you from negative energy.
 I - a +3 spear of piercing
 K - a +0 whip of flaming
Missiles
 x - 35 poisoned needles
 Q - 7 tomahawks (quivered)
Armour
 f - a +2 cloak of invisibility (worn)
 g - the +1 leather armour of the Voivode {*Drain Str+3 Int+2}
   (You found it on level 8 of the Dungeon)

   It affects your strength (+3).
   It affects your intelligence (+2).
   It causes draining when unequipped.
 q - a +0 pair of gloves (worn)
 M - a +0 shield (worn)
 N - a +4 chain mail of magic resistance (worn)
Jewellery
 j - a ring of poison resistance (left hand)
Wands
 a - a wand of slowing (13/48)
 c - a wand of random effects (20/48)
 n - a wand of polymorph (13/24)
 u - a wand of flame (22/48)
 C - a wand of disintegration (12/24)
Scrolls
 b - a scroll of recharging {unknown}
 h - a scroll of magic mapping
 m - 2 scrolls of immolation
 t - a scroll of fear
 y - 2 scrolls of remove curse
 D - 3 scrolls of blinking
 J - 2 scrolls of identify
Potions
 d - a potion of might
 e - a potion of lignification
 i - 2 potions of heal wounds
 k - a potion of agility
 l - a potion of cancellation
 r - 6 potions of curing
 s - a potion of berserk rage
 R - a potion of haste
Books
 H - a book of Transfigurations

   Spells                             Type                      Level
   a - Irradiate                      Conjuration/Transmutation    5
   b - Statue Form                    Transmutation/Earth          6
   c - Hydra Form                     Transmutation                6
   d - Dragon Form                    Transmutation                7
Comestibles
 w - 2 beef jerkies
 B - 7 slices of pizza
 L - 8 fruits
 O - 3 bread rations


   Skills:
 + Level 8.8 Fighting
 + Level 12.4 Long Blades
 + Level 9.6 Armour
 + Level 3.8 Dodging
 + Level 2.5 Stealth
 + Level 9.7 Shields


You had 10 spell levels left.
You didn't know any spells.

Dungeon Overview and Level Annotations

Branches:
Dungeon (9/15)             Temple (1/1) D:4             Orc (1/2) D:9
   Lair: D:8-11

Altars:
Ashenzari
Cheibriados
Dithmenos
Elyvilon
Fedhas
Gozag
Hepliaklqana
Kikubaaqudgha
Makhleb
Nemelex Xobeh
Okawaru
Qazlal
Ru
Sif Muna
Trog
Uskayaw
Vehumet
Xom
Yredelemnul
Zin
The Shining One
Beogh


Innate Abilities, Weirdness & Mutations

You reflexively headbutt those who attack you in melee.
You have a pair of horns on your head.
Your body sometimes deteriorates upon taking damage.
You are frail. (-10% HP)


Message History

The orc warlord roars a battlecry!
The orc goes into a battle-frenzy!
You hear a shout!
You barely miss the orc warlord.
The orc warlord is lightly wounded.
The orc warrior misses you. You block the orc's attack.
Your chain mail prevents you from hitting the orc warlord.
Your headbutt misses the orc warlord.
The orc warlord is lightly wounded.
The orc warlord hits you with a great mace.
The ogre barely misses you.
You hit the orc warlord but do no damage.
The orc warlord is lightly wounded.
You block the orc's attack.
The orc warrior hits you from afar with a glaive!!
* * * LOW HITPOINT WARNING * * *
The orc warlord hits you with a great mace.
* * * LOW HITPOINT WARNING * * *
The ogre hits you with a giant club!
You die...

..## ##.......##
...## ###.........#
....###.#........##
...##...........##
...............##
.#.#........##.##
..#........##...####
..#....o....##.)#..##
).......o..#.#oo@...#
)).............O#o.##
................####
...>...........##
...........##.##
......#.....###
.........#.##
........#.##
...........#


You could see an orc warlord, an orc warrior, an ogre and an orc.

Vanquished Creatures
  Pikel (D:4)
  2 orc sorcerers
  Joseph (D:8)
  Maurice (D:8)
  4 yaks (D:9)
  4 hogs (D:9)
  A wyvern (D:7)
  A human (D:9)
  A warg (Orc:1)
  A water moccasin (D:8)
  Duvessa (D:4)
  8 orc warriors
  An ice beast (D:5)
  2 sky beasts (D:9)
  A phantom (D:9)
  3 centaurs
  5 ogres
  2 big kobolds (D:8)
  3 bullfrogs
  Blork the orc (D:4)
  2 gnoll sergeants (D:8)
  Dowan (D:4)
  4 killer bees (D:9)
  2 scorpions (D:9)
  A howler monkey (D:4)
  A bullfrog zombie (D:5)
  6 crimson imps
  2 hounds
  7 orc priests
  2 jellies
  An iguana (D:9)
  16 orc wizards
  5 worker ants
  A hound skeleton (D:4)
  A worker ant zombie (D:9)
  12 gnolls
  10 adders
  2 howler monkey skeletons
  An adder zombie (D:5)
  An adder skeleton (D:4)
  2 worms
  2 dart slugs
  6 leopard geckos
  47 orcs
  4 ball pythons
  6 giant cockroaches
  7 goblins
  7 hobgoblins
  16 jackals
  4 quokkas
  3 bats
  2 frilled lizards
  15 kobolds
  A leopard gecko zombie (D:9)
  7 rats
  A plant (D:5)
252 creatures vanquished.

Vanquished Creatures (others)
  A leopard gecko (D:4)
  A kobold (D:8)
2 creatures vanquished.

Grand Total: 254 creatures vanquished

Notes
Turn   | Place    | Note
-------+----------+-------------------------------------------
     0 | D:1      | dajomu the Minotaur Fighter began the quest for the Orb.
     0 | D:1      | Reached XP level 1. HP: 19/19 MP: 0/0
   735 | D:1      | Reached XP level 2. HP: 27/27 MP: 1/1
   832 | D:2      | Reached XP level 3. HP: 24/33 MP: 2/2
   843 | D:2      | Reached skill level 3 in Long Blades
   959 | D:2      | Reached XP level 4. HP: 40/40 MP: 3/3
  1040 | D:2      | Found a faded altar of an unknown god.
  1057 | D:2      | Reached skill level 1 in Dodging
  1339 | D:2      | Found a hide-covered altar of Uskayaw.
  1641 | D:3      | Reached XP level 5. HP: 46/46 MP: 4/4
  1644 | D:3      | Reached skill level 4 in Long Blades
  2354 | D:4      | Noticed an ogre
  2354 | D:4      | Noticed an ogre
  2359 | D:4      | Killed an ogre
  2359 | D:4      | Reached skill level 5 in Long Blades
  2359 | D:4      | Reached skill level 5 in Armour
  2359 | D:4      | Reached XP level 6. HP: 53/53 MP: 5/5
  2365 | D:4      | Reached skill level 5 in Shields
  2381 | D:4      | Got an ancient long sword
  2382 | D:4      | Identified the +6 long sword "Conservator" {holy, rF- rN+ Str+5} (You found it on level 4 of the Dungeon)
  2414 | D:4      | Reached skill level 6 in Long Blades
  2472 | D:4      | Noticed Blork the orc
  2480 | D:4      | Killed Blork the orc
  2480 | D:4      | Reached XP level 7. HP: 54/60 MP: 6/6
  2648 | D:4      | Found a staircase to the Ecumenical Temple.
  2704 | Temple   | Entered the Ecumenical Temple
  2834 | Temple   | Became a worshipper of Warmaster Okawaru
  3005 | D:4      | Noticed Pikel
  3012 | D:4      | Reached skill level 5 in Fighting
  3016 | D:4      | Killed Pikel
  3016 | D:4      | Reached skill level 7 in Long Blades
  3016 | D:4      | Reached XP level 8. HP: 51/70 MP: 7/7
  3236 | D:4      | Reached * piety under Okawaru
  3236 | D:4      | Reached skill level 8 in Long Blades
  3578 | D:4      | Noticed Dowan
  3580 | D:4      | Noticed Duvessa
  3586 | D:4      | Killed Dowan
  3590 | D:4      | Killed Duvessa
  3590 | D:4      | Reached skill level 1 in Stealth
  3747 | D:5      | Entered Level 5 of the Dungeon
  4171 | D:5      | Found a glowing silver altar of Zin.
  4241 | D:5      | Reached skill level 9 in Long Blades
  4257 | D:5      | Reached ** piety under Okawaru
  4303 | D:5      | Found a bloodstained altar of Trog.
  4798 | D:6      | Found a white marble altar of Elyvilon.
  4798 | D:6      | Found a shimmering altar of Xom.
  4939 | D:6      | Found a blossoming altar of Fedhas.
  5437 | D:7      | Reached XP level 9. HP: 75/78 MP: 8/8
  6196 | D:8      | Noticed Maurice
  6205 | D:8      | Noticed Joseph
  6208 | D:8      | Killed Maurice
  6208 | D:8      | Reached *** piety under Okawaru
  6208 | D:8      | Reached skill level 10 in Long Blades
  6233 | D:8      | Killed Joseph
  6922 | D:8      | Reached skill level 11 in Long Blades
  6951 | D:8      | Got a dazzling leather armour
  7229 | D:8      | Identified the +1 leather armour of the Voivode {*Drain Str+3 Int+2} (You found it on level 8 of the Dungeon)
  7317 | D:8      | Reached **** piety under Okawaru
  7515 | D:8      | Reached XP level 10. HP: 86/86 MP: 9/9
  7580 | D:9      | Found an opulent altar of Gozag.
  7583 | D:9      | Found a shattered altar of Ashenzari.
  7865 | D:9      | Reached ***** piety under Okawaru
  7896 | D:9      | Found a shadowy altar of Dithmenos.
  8290 | D:9      | Found a deep blue altar of Sif Muna.
  8505 | D:9      | Found a staircase to the Orcish Mines.
  8545 | D:9      | Reached skill level 12 in Long Blades
  8556 | D:9      | Found a roughly hewn altar of Beogh.
  8633 | Orc:1    | Entered Level 1 of the Orcish Mines
  8633 | Orc:1    | Noticed an orc sorcerer
  8653 | D:9      | Killed an orc sorcerer
  8653 | D:9      | Received a gift from Okawaru
  9022 | Orc:1    | Gained mutation: You are frail. (-10% HP) [potion of mutation]
  9022 | Orc:1    | Gained mutation: Your body sometimes deteriorates upon taking damage. [potion of mutation]
  9407 | Orc:1    | Noticed an orc sorcerer
  9412 | Orc:1    | Noticed a rust devil
  9414 | Orc:1    | Noticed a soul eater
  9417 | Orc:1    | Noticed a soul eater
  9446 | Orc:1    | Killed an orc sorcerer
  9532 | Orc:1    | Reached XP level 11. HP: 48/85 MP: 10/10
  9536 | Orc:1    | Noticed an orc warlord
  9601 | Orc:1    | Slain by an ogre

Skill      XL: |  1  2  3  4  5  6  7  8  9 10 |
---------------+-------------------------------+-----
Armour         | 4 5 7 8 9 |  9.6
Shields        | 4 5 6 8 9 |  9.7
Fighting       | 4 5 6 7 8 |  8.8
Long Blades    | 3 5 6 7 9 11 12 | 12.4
Dodging        | 1 2 3 |  3.8
Stealth        | 1 2 |  2.5

Action                   |  1- 3 |  4- 6 |  7- 9 | 10-12 || total
-------------------------+-------+-------+-------+-------++-------
Melee: Long sword        |    68 |   127 |   269 |   210 ||   674
       Headbutt          |    13 |    24 |    57 |    49 ||   143
Evoke: Wand              |       |       |     2 |       ||     2
  Use: Scroll            |     1 |     4 |    16 |     3 ||    24
       Potion            |       |       |     6 |     2 ||     8
 Stab: Invisible         |       |       |     6 |       ||     6
  Eat: Royal jelly       |       |     1 |       |       ||     1
       Bread ration      |       |     1 |     2 |     1 ||     4
       Fruit             |       |       |     2 |       ||     2
       Beef jerky        |       |       |     1 |     1 ||     2
       Meat ration       |       |       |     1 |       ||     1
Armor: Scale mail        |    34 |    37 |    33 |       ||   104
       Chain mail        |       |       |    40 |    71 ||   111
Dodge: Dodged            |    20 |    38 |    63 |    62 ||   183
Block: Shield            |    45 |    56 |   132 |    98 ||   331
       Rpst.: Long sword |     5 |    11 |    19 |    15 ||    50
